 Dungeon Crawl Stone Soup version 0.28-a0-983-g1de4e0787c (webtiles) character file.

Game seed: 18222698278594812778

188 mcbry74 the Chopper (level 5, -1/45 HPs)
             Began as a Hill Orc Fighter on Dec 2, 2021.
             Succumbed to a killer bee's poison
             ... on level 4 of the Dungeon.
             The game lasted 00:09:09 (2969 turns).

mcbry74 the Chopper (Hill Orc Fighter)              Turns: 2969, Time: 00:09:10

Health: -1/45      AC: 12    Str: 21    XL:     5   Next: 67%
Magic:  5/5        EV:  6    Int:  8    God:
Gold:   141        SH:  4    Dex: 10    Spells: 4/4 levels left

rFire   + . .      SeeInvis .   a - +0 war axe
rCold   + . .      Faith    .   c - +0 buckler
rNeg    . . .      Spirit   .   l - +0 plate armour
rPois   .          Reflect  .   (no helmet)
rElec   .          Harm     .   (no cloak)
rCorr   .          Rampage  .   (no gloves)
Will    .....                   (no boots)
Stlth   ..........              (no amulet)
HPRegen 0.15/turn               f - ring of protection from fire
MPRegen 0.09/turn               h - ring of protection from cold

@: mighty, lethally poisoned (-1 -> -6)
A: no striking features
a: no special abilities


You were on level 4 of the Dungeon.
You visited 1 branch of the dungeon, and saw 4 of its levels.

You collected 141 gold pieces.

Inventory:

Hand Weapons
 a - a +0 war axe (weapon)
Armour
 b - a +0 scale mail
 c - a +0 buckler (worn)
 l - a +0 plate armour (worn)
Jewellery
 f - a ring of protection from fire (left hand)
 h - a ring of protection from cold (right hand)
Wands
 e - a wand of digging (7)
 j - a wand of flame (22)
Scrolls
 k - a scroll of silence {unknown}
 m - a scroll of enchant weapon {unknown}
Potions
 g - a potion of brilliance {unknown}
 i - a potion of resistance {unknown}


   Skills:
 - Level 3.6 Fighting
 * Level 6.0(6.2) Axes
 + Level 1.6(3.5) Maces & Flails
 + Level 4.5 Armour
 - Level 3.2 Shields


You had 4 spell levels left.
You didn't know any spells.
Your spell library was empty.

Dungeon Overview and Level Annotations

Branches:
Dungeon (4/15)
 Temple: D:4-7

Altars:
Sif Muna
Xom

Annotations:
D:3 Grinder


Message History

Your life force feels restored.
Your Axes skill increases to level 6!
Your base Maces & Flails skill increases to level 1!
You have reached level 5!
You feel stronger.
You start resting.
HP restored.
You see here a necrophage corpse.
An orc warrior comes into view. It is wielding a +0 glaive.
The orc warrior shouts!
You hear a shout!
The orc warrior hits you but does no damage.
A killer bee comes into view.
The orc warrior hits you from afar with a +0 glaive.
The orc warrior hits you from afar with a +0 glaive!
You see here a necrophage corpse.
A goblin comes into view. It is wielding a +0 dagger.
You feel very mighty all of a sudden.
The killer bee stings you but does no damage. x2
You closely miss the killer bee.
The killer bee stings you but does no damage. x2
The orc warrior hits you from afar with a +0 glaive!
The killer bee stings you.
You miss the killer bee. You block the killer bee's attack.
You block the orc warrior's attack. The killer bee stings you.
* * * LOW HITPOINT WARNING * * *
The orc warrior closely misses you.
You closely miss the killer bee. The killer bee barely misses you.
The killer bee stings you.
* * * LOW HITPOINT WARNING * * *
The orc warrior hits you from afar with a +0 glaive.
* * * LOW HITPOINT WARNING * * *
The killer bee closely misses you.
You barely miss the killer bee.
The killer bee stings you but does no damage.
The killer bee stings you.
* * * LOW HITPOINT WARNING * * *
You are lethally poisoned!
The killer bee poisons you! You block the orc warrior's attack.
The killer bee stings you but does no damage.
You die...

≈.. ≈.. #.#### ###### #....#
#....###### #....#
###.........# ##....#####
#...........#
##.........#####.#o........###
#..............@.y.†.........
#.###..#.##.##.##g##..####.#.#
#. #.###############..##....#
##.###..# ##g...# .......##
#y.##### ##.#....# #.##
#.#...#### # ##.#....#.##
...#........


You could see an orc warrior, a killer bee and a goblin.

Vanquished Creatures
  A necrophage (D:4)
  Robin (D:2)
  3 adders
  A gnoll (D:3)
  2 worms
  A dart slug (D:3)
  A bat (D:3)
  An endoplasm (D:2)
  2 giant cockroaches (D:3)
  13 goblins
  5 hobgoblins
  A quokka (D:3)
  3 ball pythons
  3 frilled lizards
  5 kobolds
  2 rats (D:2)
45 creatures vanquished.

Notes
Turn   | Place    | Note
-------+----------+-------------------------------------------
     0 | D:1      | mcbry74 the Hill Orc Fighter began the quest for the Orb.
     0 | D:1      | Reached XP level 1. HP: 19/19 MP: 1/1
    71 | D:2      | Reached skill level 3 in Axes
   628 | D:2      | Reached XP level 2. HP: 25/26 MP: 2/2
   846 | D:2      | Noticed Robin
  1051 | D:2      | Killed Robin
  1051 | D:2      | HP: 1/24 [goblin[Robin] (2)]
  1052 | D:2      | Reached skill level 4 in Axes
  1052 | D:2      | Reached XP level 3. HP: 2/31 MP: 3/3
  1814 | D:3      | Reached XP level 4. HP: 39/39 MP: 4/4
  1911 | D:3      | Reached skill level 5 in Axes
  2153 | D:3      | Found a shimmering altar of Xom.
  2291 | D:3      | Noticed Grinder
  2538 | D:3      | Found a shimmering blue altar of Sif Muna.
  2878 | D:4      | Noticed a necrophage
  2893 | D:4      | Killed a necrophage
  2894 | D:4      | Reached skill level 6 in Axes
  2894 | D:4      | Reached skill level 1 in Maces & Flails
  2894 | D:4      | Reached XP level 5. HP: 36/45 MP: 5/5
  2955 | D:4      | Noticed an orc warrior
  2968 | D:4      | HP: 1/45 [killer bee (5)]
  2969 | D:4      | Succumbed to a killer bee's poison

Illustrated notes

Levels and vault maps discovered:
D:1:      dpeg_arrival_water_altar, layout_loops_ring,
          chequers_ecumenical_altar_simple_redux, grunt_decor_clamped
D:2:      layout_basic, uniq_robin
D:3:      layout_loops_corners, mainiacjoe_overflow_surrounded_room,
          xom_teletrap_fun, st_stairs_6, minmay_quadrilaterals, uniq_grinder
D:4:      layout_basic, serial_rivers, chequers_serial_rivers_micro_c,
          chequers_serial_rivers_micro_b, chequers_serial_rivers_micro_b,
          chequers_serial_rivers_large_b, minmay_manual_macuahuitl,
          uniq_sigmund, uniq_menkaure

Skill      XL: |  1  2  3  4 |
---------------+-------------+-----
Axes           | 3 4 6 |  6.0
Armour         | 4 |  4.5
Maces & Flails | 1 |  1.6
Fighting       | |  3.6
Shields        | |  3.2

Action                   |  1- 3 |  4- 6 || total
-------------------------+-------+-------++-------
Melee: War axe           |    86 |    71 ||   157
  Use: Potion            |       |     1 ||     1
Armor: Scale mail        |    36 |     7 ||    43
       Plate armour      |       |    23 ||    23
Dodge: Dodged            |    37 |    26 ||    63
Block: Buckler           |    10 |    14 ||    24

Table legend: (Time is in decaauts)
 A = Elapsed time spent in this place.
 B = Non-inter-level travel time spent in this place.
 C = Inter-level travel time spent in this place.
 D = Time resting spent in this place.
 E = Time spent auto-exploring this place.
 F = Levels seen in this place.
 G = Mean time per level.
                   A        B        C        D        E       F      G
               +--------+--------+--------+--------+--------+-----+--------+
         Total |   3017 |   2988 |     29 |    943 |   1347 |   4 |  754.2 |
       Dungeon |   3017 |   2988 |     29 |    943 |   1347 |   4 |  754.2 |
               +--------+--------+--------+--------+--------+-----+--------+

Top non-repeatable levels by time:
     D:2: 1693 daAuts
     D:3: 1025 daAuts
     D:1: 150 daAuts
     D:4: 148 daAuts
